 Dungeon Crawl Stone Soup version 0.29.1-1-gd02db6906a (webtiles) character file.

Game seed: 5968849959442777850

9 HeroicFeet the Conjurer (level 1, 0/14 HPs)
             Began as a Demigod Conjurer on Oct 21, 2022.
             Slain by a dart slug (1 damage)
             ... on level 1 of the Dungeon.
             The game lasted 00:01:53 (331 turns).

HeroicFeet the Conjurer (Demigod Conjurer)           Turns: 331, Time: 00:01:55

Health: 0/14       AC:  2    Str: 14    XL:     1   Next: 86%
Magic:  1/5        EV: 12    Int: 20    God:
Gold:   22         SH:  0    Dex: 12    Spells: 3/4 levels left

rFire   . . .      SeeInvis .   f - staff of cold
rCold   + . .      Faith    .   (no shield)
rNeg    . . .      Spirit   .   a - +0 robe
rPois   .          Reflect  .   (no helmet)
rElec   .          Harm     .   (no cloak)
rCorr   .          Rampage  .   (no gloves)
Will    .....                   (no boots)
Stlth   ++........              (no amulet)
HPRegen 0.04/turn               c - +6 ring of strength
MPRegen 0.09/turn               (no ring)

@: no status effects
A: high MP 1, forlorn, divine attributes
a: no special abilities


You were on level 1 of the Dungeon.
You visited 1 branch of the dungeon, and saw 1 of its levels.

You collected 22 gold pieces.

Inventory:

Armour
 a - a +0 robe (worn)
Magical Staves
 f - a staff of cold (weapon)
Jewellery
 c - a +6 ring of strength (left hand)
Scrolls
 d - a scroll of enchant weapon {unknown}
Potions
 b - a potion of magic
 e - a potion of heal wounds {unknown}


   Skills:
 - Level 2.0 Dodging
 - Level 2.0 Stealth
 + Level 2.0 Spellcasting
 + Level 3.7 Conjurations


You had 3 spell levels left.
You knew the following spells:

 Your Spells              Type           Power      Damage    Failure   Level
a - Magic Dart            Conj           68%        1d6       3%          1

Your spell library contained the following spells:

 Spells                   Type           Power      Damage    Failure   Level
 Searing Ray              Conj           34%        2d5       4%          2
 Dazzling Flash           Conj/Hex       18%        N/A       22%         3
 Gell's Gravitas          Tloc           2%         N/A       43%         3
 Lesser Beckoning         Tloc           2%         N/A       43%         3
 Teleport Other           Tloc           2%         N/A       43%         3
 Fulminant Prism          Conj/Hex       4%         3d6       58%         4
 Iskenderun's Mystic Bla  Conj/Tloc      9%         2d4       58%         4


Dungeon Overview and Level Annotations

Branches:
Dungeon (1/15)


Innate Abilities, Weirdness & Mutations

You have an increased reservoir of magic. (+10% MP)
You shall have no god before yourself.
Your divine heritage dramatically boosts your attributes as you level up.


Message History

The bat hits you but does no damage. The dart slug launches a dart at you.
The slug dart hits you.
Found an embroidered hat.
The bat barely misses you.
Found a stone staircase leading down.
The bat hits you but does no damage.
Found a whip.
The bat hits you.
The dart slug briefly extends its eye-stalks.
The dart slug launches a dart at you. The slug dart hits you.
The bat hits you but does no damage.
You see here a staff of cold.
f - a staff of cold The bat hits you but does no damage.
Found a ring mail.
The bat closely misses you.
f - a staff of cold (weapon)
The bat barely misses you.
You hit the bat.
You kill the bat!
You are too injured to fight recklessly!
The dart slug bites you.
You see here a bat corpse.
You barely miss the dart slug. The dart slug launches a dart at you.
The slug dart hits you.
* * * LOW HITPOINT WARNING * * *
You hit the dart slug.
The dart slug is moderately wounded.
The dart slug launches a dart at you.
The slug dart hits you but does no damage.
You hit the dart slug.
The dart slug is moderately wounded.
Casting: Magic Dart (safe; 3% risk of failure)
Confirm with . or Enter, or press ? or * to list all spells.
Aiming: Magic Dart (safe; 3% risk of failure)
Press: ? - help, Shift-Dir - straight line, f - dart slug
Aim: a dart slug (moderately wounded, 100% to hit)
The magic dart hits the dart slug but does no damage.
The dart slug is moderately wounded.
The dart slug bites you.
You die...

♣.^.♣..^.♣♣.^.P♣
♣~~~♣♣~~~♣♣~~~♣♣
♣P~P♣♣~~~♣♣P~P♣ #
♣♣8♣♣♣♣8♣♣♣♣8♣♣ #
♣♣♣ ♣♣♣ ♣♣♣ #
########## #
........# #
########..##.# #
##........w@..# #
#..........#.># #
#.###)###..#[.# #
##.#)[†!!#....#..
#
#..##...##...###..
#..#.....#.#..#
###
#..#######...#.#
#..........###.#
#.########


You could see a dart slug.

Vanquished Creatures
  2 ball pythons (D:1)
  A goblin (D:1)
  A hobgoblin (D:1)
  A kobold (D:1)
  2 bats (D:1)
  A rat (D:1)
8 creatures vanquished.

Notes
Turn   | Place    | Note
-------+----------+-------------------------------------------
     0 | D:1      | HeroicFeet the Demigod Conjurer began the quest for the
                  | Orb.
     0 | D:1      | Reached XP level 1. HP: 14/14 MP: 5/5
   331 | D:1      | Slain by a dart slug

Illustrated notes

Levels and vault maps discovered:
D:1:      psy_arrival_wood_between_worlds, layout_loops_ring,
          minmay_split_cup_large

Skill      XL: |  1 |
---------------+----+-----
Dodging        | 2 |  2.0
Stealth        | 2 |  2.0
Spellcasting   | 2 |  2.0
Conjurations   | |  3.7

Action                   || total
-------------------------++-------
Melee: Staff             ||     4
 Cast: Magic Dart        ||    14
Armor: Robe              ||     8
Dodge: Dodged            ||     5
